 Dungeon Crawl Stone Soup version 0.30-a0-860-g512cf1e979 (webtiles) character file.

Game seed: 12949865373326611384

115170 bobo the Warrior (level 16, 0/138 HPs)
             Began as a Merfolk Ice Elementalist on Mar 5, 2023.
             Was a High Priest of Sif Muna.
             Succumbed to Donald's poison
             ... on level 3 of the Spider Nest on Mar 7, 2023.
             The game lasted 02:22:07 (30497 turns).

bobo the Warrior (Merfolk Ice Elementalist)        Turns: 30497, Time: 02:22:07

Health: 0/138      AC: 24    Str: 13    XL:     16   Next: 67%
Magic:  14/28      EV: 17    Int: 24    God:    Sif Muna [*****.]
Gold:   1605       SH:  6    Dex: 16    Spells: 6/31 levels left

rFire   + + +      SeeInvis .    c - +6 trident (freeze)
rCold   . . .      Faith    .    D - +0 buckler of the Slug {rF+++ Will+++ Stlth-}
rNeg    . . .      Spirit   .    l - +2 robe {Will+}
rPois   +          Reflect  .    e - +2 hat
rElec   +          Rampage  .    s - +0 cloak
rCorr   .          Clarity  +    u - +0 pair of gloves
Will    ++++.                    Y - +2 pair of boots
Stlth   +++                      S - amulet of Ynav {RegenMP rElec rPois Will- Dex+2}
HPRegen 0.43/turn                i - +6 ring of intelligence
MPRegen 0.61/turn                U - +4 ring of protection

@: mighty, lethally poisoned (0 -> -15), ice-armoured, forested, hasted,
studying Stealth, unable to drink, very quick
A: (nimble swimmer 2), mertail, clarity, passive freeze, inability to drink
after injury 1
a: Renounce Religion, Channel Magic, Forget Spell, Divine Exegesis


You were on level 3 of the Spider Nest.
You worshipped Sif Muna.
Sif Muna was extremely pleased with you.
You visited 5 branches of the dungeon, and saw 27 of its levels.
You also visited: Ice Cave.

You collected 4346 gold pieces.
You spent 2741 gold pieces at shops.

Inventory:

Hand Weapons
 c - a +6 trident of freezing (weapon)
 Q - a +3 trident of freezing
Missiles
 y - a throwing net
Armour
 e - a +2 hat (worn)
 l - a +2 robe of willpower (worn)
 s - a +0 cloak (worn)
 u - a +0 pair of gloves (worn)
 D - the +0 buckler of the Slug (worn) {rF+++ Will+++ Stlth-}
   (You found it on level 10 of the Dungeon)

   rF:        It renders you almost immune to fire.
   Will:      It greatly increases your willpower.
   Stlth:     It makes you less stealthy.
 L - the +4 robe of Sorcery {-Tele rPois Regen+ Dex+7}
   (You found it on level 10 of the Dungeon)

   Dex:       It affects your dexterity (+7).
   rPois:     It protects you from poison.
   -Tele:     It prevents most forms of teleportation.
   Regen:     It increases your rate of health regeneration.
 Y - a +2 pair of boots (worn)
Jewellery
 i - a +6 ring of intelligence (left hand)
 w - a ring of flight
 x - a ring of resist corrosion
 H - a ring of positive energy
 N - the ring "Nihutuq" {rElec rC+ Dex+2}
   (You acquired it in an ice cave)

   [ring of protection from cold]

   Dex:       It affects your dexterity (+2).
   rC:        It protects you from cold.
   rElec:     It insulates you from electricity.
 S - the amulet of Ynav (around neck) {RegenMP rElec rPois Will- Dex+2}
   (You acquired it on level 3 of the Lair of Beasts)

   [amulet of magic regeneration]

   It increases your rate of magic regeneration.
   Dex:       It affects your dexterity (+2).
   rElec:     It insulates you from electricity.
   rPois:     It protects you from poison.
   Will:      It decreases your willpower.
 U - a +4 ring of protection (right hand)
Wands
 g - a wand of flame (56)
 M - a wand of iceblast (10)
 O - a wand of acid (10)
 T - a wand of polymorph (12)
 X - a wand of charming (1)
Scrolls
 d - 2 scrolls of vulnerability
 h - 5 scrolls of immolation
 m - 5 scrolls of fog
 n - 8 scrolls of teleportation
 o - 5 scrolls of magic mapping
 p - 4 scrolls of blinking
 r - 3 scrolls of fear
 v - 2 scrolls of noise
 C - 7 scrolls of identify
 E - 2 scrolls of enchant armour
 J - a scroll of butterflies
 W - a scroll of silence
Potions
 a - a potion of heal wounds
 b - 3 potions of magic
 f - 6 potions of lignification
 j - a potion of curing
 k - 3 potions of flight
 q - 7 potions of attraction
 t - 2 potions of resistance
 z - 6 potions of cancellation
 A - 6 potions of mutation
 B - 4 potions of ambrosia
 F - 3 potions of might
 G - 2 potions of berserk rage
 I - 3 potions of haste
 K - 4 potions of brilliance
 P - 2 potions of degeneration


   Skills:
 + Level 15.8 Fighting
 + Level 12.6 Polearms
 - Level 10.0 Dodging
 - Level 10.0 Stealth
 - Level 7.3 Shields
 + Level 8.1 Spellcasting
 + Level 8.5 Summonings
 - Level 10.3 Translocations
 - Level 11.5 Ice Magic
 - Level 2.0 Air Magic
 - Level 9.0 Invocations


You had 6 spell levels left.
You knew the following spells:

 Your Spells              Type           Power      Damage    Failure   Level
a - Ozocubu's Armour      Ice            60%        N/A       1%          3
c - Vhi's Electric Charg  Tloc/Air       78%        N/A       1%          3
d - Summon Ice Beast      Ice/Summ       55%        N/A       1%          4
f - Freeze                Ice            100%       1d10      1%          1
q - Manifold Assault      Tloc           56%        N/A       1%          4
s - Frozen Ramparts       Ice            100%       1d16      1%          3
x - Summon Forest         Summ/Tloc      26%        N/A       4%          5
z - Blink                 Tloc           100%       N/A       1%          2

Your spell library contained the following spells:

 Spells                   Type           Power      Damage    Failure   Level
 Apportation              Tloc           100%       N/A       1%          1
 Call Imp                 Summ           50%        N/A       1%          2
 Lesser Beckoning         Tloc           100%       N/A       1%          2
 Momentum Strike          Conj/Tloc      68%        3d9       1%          2
 Call Canine Familiar     Summ           50%        N/A       1%          3
 Gell's Gravitas          Tloc           56%        N/A       1%          3
 Teleport Other           Tloc           56%        N/A       1%          3
 Passage of Golubria      Tloc           56%        N/A       1%          4
 Hailstorm                Conj/Ice       37%        3d9       2%          3
 Portal Projectile        Hex/Tloc       68%        N/A       2%          3
 Shock                    Conj/Air       56%        1d6       5%          1
 Foxfire                  Conj/Fire      36%        2x1d5     8%          1
 Magic Dart               Conj           36%        1d4       8%          1
 Necrotise                Necr           36%        1d5       8%          1
 Sandblast                Erth           18%        2d7       8%          1
 Ice Form                 Ice/Tmut       37%        N/A       8%          4
 Cigotuvi's Dreadful Rot  Necr/Pois/Air  24%        N/A       9%          2
 Summon Lightning Spire   Summ/Air       34%        N/A       9%          4
 Passwall                 Tmut/Erth      7%         N/A       12%         2
 Searing Ray              Conj           18%        2d5       12%         2
 Dispersal                Tloc           28%        N/A       17%         6
 Mephitic Cloud           Conj/Pois/Air  12%        N/A       19%         3
 Stone Arrow              Conj/Erth      18%        3d8       24%         3
 Vampiric Draining        Necr           9%         2d6       24%         3
 Fulminant Prism          Conj/Hex       4%         3d5       61%         4
 Sticky Flame             Conj/Fire      9%         2d3       61%         4
 Simulacrum               Ice/Necr       18%        N/A       75%         6
 Arcjolt                  Conj/Air       7%         1d17      82%         5
 Lightning Bolt           Conj/Air       7%         1d19      82%         5
 Agony                    Necr           9%         N/A       91%         5
 Fireball                 Conj/Fire      4%         3d4       91%         5
 Eringya's Noxious Bog    Tmut/Pois      4%         N/A       100%        6
 Ozocubu's Refrigeration  Ice            30%        4d14      52%         7
 Malign Gateway           Summ/Tloc      26%        N/A       80%         7
 Summon Hydra             Summ           25%        N/A       90%         7
 Spellforged Servitor     Conj/Summ      15%        N/A       100%        7
 Storm Form               Tmut/Air       7%         N/A       100%        7
 Disjunction              Tloc           28%        N/A       100%        8
 Maxwell's Capacitive Co  Air            9%         ∞         100%        8
 Fire Storm               Conj/Fire      4%         8d1       100%        9


Dungeon Overview and Level Annotations

Branches:
Dungeon (13/15)            Temple (0/1) D:7            Lair (5/5) D:11
 Shoals (4/4) Lair:3       Spider (3/4) Lair:2        Slime (0/5) Lair:4
    Orc (2/2) D:10            Elf (0/3) Orc:2         IceCv (visited)
 Vaults: D:13-14

Altars:
Fedhas
Kikubaaqudgha
Makhleb
Qazlal
Ru
Sif Muna
Trog
Uskayaw
Vehumet
Xom
Yredelemnul
The Shining One
Jiyva

Shops:
D:5 (   D:7 *[[*?:   D:12 :***(   Orc:2 !(!*   Shoals:3 [

Portals:
Trove: D:11 (give +2 shadow dragon scales)

Annotations:
D:12 exclusion: ice dragon
Spider:2 3 runed translucent doors, Luivetop's ghost, journeyman DgIE


Innate Abilities, Weirdness & Mutations

((You are very nimble when in or above water. (Stealth+, EV+, Speed+++)))
Your lower body shifts to a powerful aquatic tail in water.
You possess an exceptional clarity of mind.
A frigid envelope surrounds you and freezes all who hurt you.
You occasionally lose the ability to drink potions when taking damage.


Message History

* * * LOW HITPOINT WARNING * * *
You feel very sick.
You cannot drink potions in your current state!
You completely miss the jumping spider.
* * * LOW HITPOINT WARNING * * *
You feel very sick. The jumping spider pounces on you.
* * * LOW HITPOINT WARNING * * *
You are caught in a web!
The jumping spider is very cold.
The jumping spider is lightly wounded.
The jumping spider bites you but does no damage.
The jumping spider is very cold.
The jumping spider is lightly wounded.
You struggle to detach yourself from the web.
* * * LOW HITPOINT WARNING * * *
You feel very sick.
The jumping spider pounces on you but does no damage.
The jumping spider is very cold.
The jumping spider is moderately wounded.
The jumping spider bites you but does no damage.
The jumping spider is very cold.
The jumping spider is severely wounded.
Casting: Summon Ice Beast (mildly dangerous; 1% risk of failure)
Confirm with . or Enter, or press ? or * to list all spells.
A chill wind blows around you.
* * * LOW HITPOINT WARNING * * *
You feel very sick.
The jumping spider completely misses you.
The jumping spider bites you but does no damage.
The jumping spider is very cold.
The jumping spider is almost dead.
The web tears apart.
* * * LOW HITPOINT WARNING * * *
You feel very sick.
The jumping spider leaps!
* * * LOW HITPOINT WARNING * * *
You feel very sick.
* * * LOW HITPOINT WARNING * * *
You feel very sick.
You die...

#..# #^... .....
#...^. ..... # .#.#
#### #### . ^..
#..###..# ##...#
♣@).##..# #..##.
#Y°.♣...# #.....
#...♣...#####.....
...#.♣...#.##....#.^..
............^.......^^
./..♣##♣#..#...#...#..
>. . #.....>.....#. .#
#.....#.#....#
#..#...###^...^


You could see a friendly ice beast (summoned).

Vanquished Creatures
  Frances (Shoals:1)
  Donald (Spider:3)
  Ilsuiw (Shoals:3)
  An emperor scorpion (Spider:1)
  Louise (Spider:3)
  A merfolk impaler (Shoals:4)
  An entropy weaver (Spider:1)
  A merfolk javelineer (Shoals:3)
  4 hydras
  A centaur warrior (Shoals:3)
  2 radroaches
  A merfolk avatar (Lair:5)
  2 boulder beetles
  A catoblepas (Lair:4)
  2 two-headed ogres
  A death yak (IceCv)
  Nergalle (D:12)
  An orc high priest (Orc:2)
  2 skysharks (Shoals:2)
  A skeletal warrior (D:13)
  4 pharaoh ants
  8 sea snakes
  2 orb spiders
  A wizard (D:13)
  2 steelbarb worms (Spider:3)
  2 orc knights (Orc:2)
  10 harpies
  8 orc sorcerers
  10 wolf spiders
  2 ugly things
  A cyclops (Shoals:2)
  10 manticores
  3 fauns (Shoals:3)
  12 elephants
  2 demonic crawlers
  A water nymph (Shoals:3)
  5 merfolk sirens
  An ice statue (IceCv)
  A gargoyle (D:13)
  8 cane toads
  11 rime drakes
  An unseen horror (D:11)
  An efreet (D:11)
  7 komodo dragons
  7 trolls
  8 polar bears
  6 merfolk
  3 wind drakes
  A hornet (Lair:5)
  6 tarantellas
  Grinder (D:5)
  4 dream sheep
  7 blink frogs
  5 jumping spiders
  5 snapping turtles
  2 shadows
  4 culicivoras
  A water elemental (Shoals:1)
  5 wyverns
  A basilisk (Lair:3)
  A wraith (D:11)
  37 yaks
  2 vampires
  2 steam dragons (Lair:5)
  12 redbacks
  3 vampire mosquitoes (D:10)
  8 wargs
  Menkaure (D:5)
  An acid dragon (D:12)
  13 water moccasins
  Duvessa (D:5)
  16 orc warriors
  A sky beast (D:7)
  3 black bears (D:6)
  2 ice beasts
  5 ogres
  7 centaurs
  13 wolves
  4 phantoms
  4 bullfrogs
  3 scorpions
  6 wights
  13 killer bees
  5 howler monkeys
  6 electric eels
  A gnoll bouda (Orc:2)
  2 jellies (D:7)
  14 orc priests
  3 hounds
  4 hell rats (Lair:4)
  4 iguanas
  29 orc wizards
  A nameless horror (Shoals:3)
  11 gnolls
  8 adders
  A shadow imp (D:6)
  2 white imps (D:6)
  An ufetubus (D:5)
  6 dart slugs
  39 orcs
  6 bats
  9 endoplasms
  5 giant cockroaches
  8 goblins
  10 hobgoblins
  8 jackals (D:5)
  2 kobolds
  4 quokkas
  7 ball pythons
  2 frilled lizards
  6 rats
568 creatures vanquished.

Vanquished Creatures (collateral kills)
  A broodmother (Spider:2)
  Snorg (D:11)
  An entropy weaver (Spider:2)
  A merfolk avatar (Shoals:3)
  A boulder beetle (Lair:5)
  2 alligator snapping turtles
  A radroach (Spider:2)
  A skyshark (Lair:2)
  A pharaoh ant (Lair:2)
  An orb spider (Spider:2)
  An orc knight (Orc:1)
  A wolf spider (Spider:2)
  3 harpies (Shoals:2)
  2 steelbarb worms
  An oklob plant (Lair:5)
  3 manticores
  3 cyclopes
  4 fauns
  An elephant (Lair:2)
  3 merfolk sirens
  2 torpor snails
  2 demonic crawlers (Spider:2)
  6 cane toads
  3 komodo dragons
  2 rime drakes
  A troll (D:11)
  6 merfolk
  A wind drake (Shoals:3)
  7 tarantellas
  2 blink frogs (Lair:5)
  A dream sheep (Shoals:1)
  2 jumping spiders (Spider:1)
  2 culicivoras
  4 yaks
  A basilisk (Lair:5)
  Grum (D:11)
  A redback (Spider:1)
  3 water moccasins
  3 orc warriors
  3 wolves
  2 centaurs
  Dowan (D:5)
  3 orc priests
  A jelly (D:7)
  5 orc wizards
  A hell rat (Lair:4)
  A gnoll (Orc:2)
  8 orcs
108 creatures vanquished.

Vanquished Creatures (others)
  A tarantella (Spider:1)
  A jumping spider (Spider:2)
  21 fungi
  69 plants
  3 snaplasher vines
  4 tentacles (Shoals:1)
99 creatures vanquished.

Grand Total: 775 creatures vanquished

Notes
Turn   | Place    | Note
-------+----------+-------------------------------------------
     0 | D:1      | bobo the Merfolk Ice Elementalist began the quest for the
                  | Orb.
     0 | D:1      | Reached XP level 1. HP: 13/13 MP: 3/3
   153 | D:1      | Reached XP level 2. HP: 17/20 MP: 0/5
   235 | D:1      | Reached skill level 1 in Fighting
   333 | D:1      | Reached XP level 3. HP: 26/26 MP: 0/6
   415 | D:1      | Learned a level 3 spell: Ozocubu's Armour
   797 | D:1      | Reached skill level 1 in Polearms
  1083 | D:2      | Learned a level 3 spell: Frozen Ramparts
  1107 | D:2      | Reached XP level 4. HP: 26/33 MP: 3/8
  1240 | D:2      | Reached skill level 2 in Fighting
  1429 | D:2      | Reached skill level 5 in Ice Magic
  2074 | D:3      | Found a faded altar of an unknown god.
  2106 | D:3      | Found a sacrificial altar of Ru.
  2382 | D:3      | Gained mutation: You are clumsy. (Dex -2) [potion of
                  | mutation]
  2383 | D:3      | Lost mutation: You are clumsy. (Dex -2) [potion of
                  | mutation]
  2383 | D:3      | Gained mutation: You have a pair of small horns on your
                  | head. [potion of mutation]
  2383 | D:3      | Gained mutation: Your magical capacity is low. (-10% MP)
                  | [potion of mutation]
  2383 | D:3      | Gained mutation: Your mind is acute. (Int +4, Str/Dex -1)
                  | [potion of mutation]
  2408 | D:3      | Reached XP level 5. HP: 26/39 MP: 4/8
  2522 | D:3      | Found a burning altar of Makhleb.
  2855 | D:3      | Found a shimmering blue altar of Sif Muna.
  2864 | D:3      | Became a worshipper of Sif Muna the Loreminder
  2892 | D:3      | Found an ancient bone altar of Kikubaaqudgha.
  2927 | D:3      | Found a radiant altar of Vehumet.
  3310 | D:4      | Lost mutation: Your mind is acute. (Int +4, Str/Dex -1)
                  | [potion of mutation]
  3310 | D:4      | Lost mutation: You have a pair of small horns on your head.
                  | [potion of mutation]
  3310 | D:4      | Lost mutation: Your magical capacity is low. (-10% MP)
                  | [potion of mutation]
  3310 | D:4      | Gained mutation: You are dopey. (Int -2) [potion of
                  | mutation]
  3310 | D:4      | Gained mutation: You passively dampen the noise of your
                  | surroundings. [potion of mutation]
  3310 | D:4      | Gained mutation: Your natural rate of healing is unusually
                  | fast. [potion of mutation]
  3396 | D:4      | Reached skill level 3 in Fighting
  3452 | D:4      | Noticed an ice beast
  3466 | D:4      | Reached XP level 6. HP: 47/47 MP: 1/10
  3503 | D:4      | Killed an ice beast
  3509 | D:4      | Learned a level 4 spell: Summon Ice Beast
  3685 | D:4      | Found a hide-covered altar of Uskayaw.
  3872 | D:4      | Reached skill level 1 in Summonings
  3872 | D:4      | Reached XP level 7. HP: 13/53 MP: 12/12
  4064 | D:5      | Entered Level 5 of the Dungeon
  4157 | D:5      | Noticed Dowan
  4161 | D:5      | Noticed Duvessa
  4187 | D:5      | Killed Duvessa
  4188 | D:5      | Reached skill level 4 in Fighting
  4203 | D:5      | Killed Dowan
  4399 | D:5      | Found Nefan's Weapon Boutique.
  4407 | D:5      | Bought a +2 trident of venom for 162 gold pieces
  4417 | D:5      | Noticed Grinder
  4434 | D:5      | Paralysed by Grinder for 3 turns
  4435 | D:5      | Killed Grinder
  4436 | D:5      | Reached skill level 5 in Polearms
  4436 | D:5      | Reached XP level 8. HP: 44/61 MP: 1/14
  4760 | D:5      | Learned a level 2 spell: Blink
  4778 | D:5      | Reached * piety under Sif Muna
  4875 | D:5      | Noticed Menkaure
  4893 | D:5      | Killed Menkaure
  4894 | D:5      | Reached skill level 5 in Fighting
  4953 | D:5      | Reached skill level 1 in Translocations
  5524 | D:6      | Reached XP level 9. HP: 69/69 MP: 6/15
  5791 | D:6      | Reached skill level 6 in Fighting
  6103 | D:6      | Reached ** piety under Sif Muna
  6554 | D:7      | Found Jose's Magic Scroll Boutique.
  6555 | D:7      | Found Piylor's Armour Shoppe.
  6559 | D:7      | Bought a scroll of blinking for 90 gold pieces
  6559 | D:7      | Bought a scroll of identify for 24 gold pieces
  6829 | D:7      | Found a staircase to the Ecumenical Temple.
  6900 | D:7      | Found Suamadograi's Serpentskin Sales.
  6967 | D:7      | Found Hupepsam's Book Boutique.
  7023 | D:7      | Found Jomeig's Antique Armour Emporium.
  7098 | D:7      | Reached skill level 5 in Summonings
  7246 | D:7      | Found a stormy altar of Qazlal.
  7306 | D:7      | Reached skill level 5 in Stealth
  7670 | D:7      | Found Hogeqiku's Assorted Antiques.
  7810 | D:8      | Reached skill level 7 in Fighting
  7818 | D:8      | Reached XP level 10. HP: 76/79 MP: 4/16
  8036 | D:8      | You fall into a shaft and drop 3 floors!
  8045 | D:11     | Found a staircase to the Lair.
  8185 | D:11     | Found a portal to a secret trove of treasure.
  8233 | D:10     | Entered Level 10 of the Dungeon
  8438 | D:10     | Reached *** piety under Sif Muna
  8604 | D:10     | Found a shimmering altar of Xom.
  8609 | D:10     | Identified the +0 buckler of the Slug {rF+++ Will+++
                  | Stlth-}
  8624 | D:10     | Learned a level 4 spell: Manifold Assault
  8629 | D:10     | Found a basalt altar of Yredelemnul.
  8629 | D:10     | Noticed a manticore
  8691 | D:10     | Found a staircase to the Orcish Mines.
  8704 | D:10     | Reached skill level 1 in Shields
  8895 | D:9      | Reached skill level 8 in Fighting
  9103 | D:9      | Noticed a white ugly thing
  9176 | D:9      | Found a blossoming altar of Fedhas.
  9376 | D:8      | Reached skill level 5 in Translocations
  9878 | D:9      | Killed a white ugly thing
  9879 | D:9      | Reached XP level 11. HP: 37/87 MP: 7/17
 10312 | D:9      | Noticed a two-headed ogre
 10323 | D:9      | Killed a two-headed ogre
 10660 | D:10     | Identified the +4 robe of Sorcery {-Tele rPois Regen+
                  | Dex+7}
 10732 | D:10     | Reached **** piety under Sif Muna
 11193 | D:11     | Reached skill level 10 in Stealth
 11305 | D:11     | Reached skill level 10 in Ice Magic
 11329 | D:11     | Noticed Grum
 11344 | D:11     | Killed Grum
 11345 | D:11     | Reached skill level 9 in Fighting
 11406 | D:11     | Noticed a boulder beetle
 11449 | D:11     | Noticed Snorg
 11459 | D:11     | Reached skill level 1 in Invocations
 11463 | D:11     | Killed Snorg
 11578 | Lair:1   | Entered Level 1 of the Lair of Beasts
 11584 | Lair:1   | Found a frozen archway.
 11602 | IceCv    | Entered an ice cave
 11699 | IceCv    | Reached skill level 5 in Shields
 11797 | IceCv    | Identified 2 scrolls of acquirement
 11797 | IceCv    | Acquired the ring "Nihutuq" {rElec rC+ Dex+2}
 11803 | IceCv    | Acquired 990 gold pieces
 11862 | IceCv    | Noticed a white ugly thing
 11885 | IceCv    | Killed a white ugly thing
 11886 | IceCv    | Reached skill level 10 in Fighting
 11886 | IceCv    | Reached XP level 12. HP: 41/97 MP: 13/18
 11974 | IceCv    | Noticed a frost giant
 12211 | IceCv    | Reached skill level 5 in Dodging
 12330 | IceCv    | Reached skill level 5 in Invocations
 12339 | IceCv    | Noticed a death yak
 12359 | IceCv    | Killed a death yak
 12543 | IceCv    | Noticed a death yak
 12922 | Lair:1   | Reached skill level 11 in Fighting
 13395 | Lair:1   | Reached ***** piety under Sif Muna
 14014 | Lair:2   | Noticed a skyshark
 14064 | Lair:2   | Found a hole to the Spider Nest.
 14144 | Lair:2   | Got the Parchment of the Different Gang
 14154 | Lair:2   | Reached XP level 13. HP: 96/107 MP: 19/19
 14158 | Lair:2   | Learned a level 3 spell: Call Canine Familiar
 14177 | Lair:2   | Received a gift from Sif Muna
 14184 | Lair:2   | Got Rogyim's Treatise on Kindling and the Brume {god gift}
 15322 | Lair:2   | Reached skill level 12 in Fighting
 15496 | Lair:3   | Found a staircase to the Shoals.
 15757 | Lair:3   | Acquired the amulet of Ynav {RegenMP rElec rPois Will-
                  | Dex+2}
 15980 | Lair:4   | Found a viscous altar of Jiyva.
 15981 | Lair:4   | Found a staircase to the Slime Pits.
 16249 | Lair:4   | Reached skill level 10 in Dodging
 16927 | Lair:5   | Entered Level 5 of the Lair of Beasts
 17217 | Orc:1    | Entered Level 1 of the Orcish Mines
 17496 | D:10     | Received a gift from Sif Muna
 17497 | D:10     | Got Sif Muna's Compendium of Incandescent Illusion {god
                  | gift}
 17525 | D:10     | Acquired 967 gold pieces
 17617 | D:10     | Found a glowing golden altar of the Shining One.
 17620 | D:10     | Found a bloodstained altar of Trog.
 17738 | D:7      | Bought a potion of mutation for 160 gold pieces
 17738 | D:7      | Bought a scroll labelled PEHOPT CEIGU for 20 gold pieces
 17786 | D:7      | Bought a +0 pair of boots for 54 gold pieces
 17814 | D:7      | Bought Maxwell's Memoranda for 570 gold pieces
 17942 | Lair:2   | Learned a level 3 spell: Vhi's Electric Charge
 18359 | Lair:5   | Reached skill level 13 in Fighting
 18360 | Lair:5   | Reached XP level 14. HP: 113/118 MP: 5/20
 19787 | Orc:2    | Entered Level 2 of the Orcish Mines
 20263 | Orc:2    | Found a staircase to the Elven Halls.
 20427 | Orc:2    | Received a gift from Sif Muna
 20428 | Orc:2    | Got Qeutyunu's Almanac of Translocation {god gift}
 20618 | Orc:2    | Reached skill level 14 in Fighting
 20774 | Orc:2    | Reached skill level 1 in Air Magic
 20810 | Orc:2    | Found Kiutast's Distillery.
 20810 | Orc:2    | Found Joozeel's Distillery.
 20811 | Orc:2    | Found Boeh's Weapon Emporium.
 20815 | Orc:2    | Found Hulol's Assorted Antiques.
 20818 | Orc:2    | Bought 2 potions of magic for 224 gold pieces
 20818 | Orc:2    | Bought a potion of mutation for 112 gold pieces
 20821 | Orc:2    | Bought a potion of mutation for 104 gold pieces
 21609 | D:12     | Noticed Nergalle
 21638 | D:12     | Killed Nergalle
 21737 | D:12     | Found Jilup's Book Emporium.
 21745 | D:12     | Bought a book of the Tundra for 448 gold pieces
 21878 | D:12     | Found Oxtag's General Store.
 21887 | D:12     | Bought a scroll of magic mapping for 90 gold pieces
 21887 | D:12     | Bought a potion of heal wounds for 60 gold pieces
 21934 | D:12     | Found Ryff's Assorted Antiques.
 21951 | D:12     | Bought a scroll labelled QIMMIA NUUDENA for 28 gold pieces
 21951 | D:12     | Bought a scroll of identify for 56 gold pieces
 21990 | D:12     | Found Hukhled's Weapon Shop.
 22009 | D:12     | Found Hoz Nas's Assorted Antiques.
 22012 | D:12     | Bought a scroll of blinking for 255 gold pieces
 22012 | D:12     | Bought a potion of heal wounds for 170 gold pieces
 22280 | D:13     | Reached skill level 5 in Spellcasting
 22280 | D:13     | Reached XP level 15. HP: 126/126 MP: 15/22
 22524 | Shoals:1 | Entered Level 1 of the Shoals
 22909 | Shoals:1 | Noticed Frances
 22953 | Shoals:1 | Received a gift from Sif Muna
 22954 | Shoals:1 | Got Sif Muna's Thoughts on Zombies and Confrontation {god
                  | gift}
 22962 | Shoals:1 | Learned a level 5 spell: Summon Forest
 23093 | Shoals:1 | Upgraded the game from 0.30-a0-857-gcaf70739d4 to
                  | 0.30-a0-859-gf88a04b62d
 23299 | Shoals:1 | Reached skill level 10 in Polearms
 23310 | Shoals:1 | Noticed a kraken
 23406 | Shoals:1 | Killed Frances
 24681 | Shoals:3 | Noticed Ilsuiw
 24723 | Shoals:3 | Killed Ilsuiw
 25281 | Shoals:3 | Reached skill level 15 in Fighting
 25452 | Shoals:3 | Found Culairox's Antique Armour Shop.
 25460 | Shoals:3 | Bought a runed robe for 114 gold pieces
 25664 | Shoals:4 | Entered Level 4 of the Shoals
 25711 | Shoals:4 | Reached skill level 10 in Translocations
 25871 | Shoals:4 | Reached XP level 16. HP: 136/136 MP: 19/26
 26187 | Spider:1 | Entered Level 1 of the Spider Nest
 26255 | Spider:1 | Upgraded the game from 0.30-a0-859-gf88a04b62d to
                  | 0.30-a0-860-g512cf1e979
 26485 | Lair:2   | Received a gift from Sif Muna
 26491 | Lair:2   | Got Sif Muna's Parchment of Attacks and Direction {god
                  | gift}
 28057 | Spider:2 | Lost mutation: Your natural rate of healing is unusually
                  | fast. [potion of mutation]
 28057 | Spider:2 | Lost mutation: You are dopey. (Int -2) [potion of mutation]
 28057 | Spider:2 | Lost mutation: You passively dampen the noise of your
                  | surroundings. [potion of mutation]
 28057 | Spider:2 | Gained mutation: Your spells are a little harder to cast,
                  | but a little more powerful. [potion of mutation]
 28057 | Spider:2 | Gained mutation: You are vulnerable to heat. (rF-) [potion
                  | of mutation]
 28445 | Spider:2 | Found a runed translucent gate.
 28446 | Spider:2 | Found a runed translucent gate.
 28446 | Spider:2 | Found a runed translucent gate.
 28447 | Spider:2 | Noticed Luivetop's ghost (journeyman DgIE)
 29599 | Spider:2 | Lost mutation: You are vulnerable to heat. (rF-) [potion of
                  | mutation]
 29599 | Spider:2 | Lost mutation: Your spells are a little harder to cast, but
                  | a little more powerful. [potion of mutation]
 29599 | Spider:2 | Gained mutation: A frigid envelope surrounds you and
                  | freezes all who hurt you. [potion of mutation]
 29599 | Spider:2 | Gained mutation: You occasionally lose the ability to drink
                  | potions when taking damage. [potion of mutation]
 29599 | Spider:2 | Gained mutation: You possess an exceptional clarity of
                  | mind. [potion of mutation]
 29992 | Spider:2 | HP: 5/137 [demonic crawler (2)]
 30353 | Spider:3 | Noticed Louise
 30380 | Spider:3 | Killed Louise
 30467 | Spider:3 | Noticed Donald
 30489 | Spider:3 | Killed Donald
 30495 | Spider:3 | HP: 6/138 [poisoned by Donald]
 30496 | Spider:3 | HP: 2/138 [poisoned by Donald]
 30497 | Spider:3 | Succumbed to Donald's poison

Illustrated notes

Levels and vault maps discovered:
D:1:      erik_arrival_orb_chamber, layout_basic,
          hangedman_abyss_or_decor_lesser_grid
D:2:      layout_loops_ring
D:3:      layout_basic, palyth_temple_overflow_mages,
          mainiacjoe_overflow_six_doors_small, old_standard_altar,
          dilly_ecumenical_altar_fadedgnrine
D:4:      layout_rooms, mainiacjoe_overflow_small_starburst,
          serial_bayou_pond_a, kennysheep_small_circle
D:5:      layout_gridville, serial_shops, shop, uniq_grinder, uniq_menkaure,
          uniq_duvessa
D:6:      layout_gridville, nicolae_eternal_life, minmay_manual_moon
D:7:      layout_loops_corners, nicolae_qazlal_general_emergency,
          minmay_temple_entry_grid, serial_shops, nicolae_shop_statue_plus,
          shop, shop_fountains, nicolae_shop_statue_plus, kennysheep_little_box,
          guppyfry_shop_venom
D:8:      layout_loops_ring
D:9:      layout_rooms, fedhas_ov_isle_minmay
D:10:     layout_basic, grunt_temple_overflow_cloverleaf, orc_0_dummy
D:11:     layout_cross, lair_entry_dummy, trove_entry_hex_spiral, uniq_snorg,
          uniq_grum
D:12:     layout_irregular_city, serial_shops, nicolae_shop_behind_doors,
          nicolae_shop_trees, nicolae_shop_stone, nicolae_shop_window_shopping,
          shop, minmay_door_square, uniq_nergalle
D:13:     layout_basic, skrybe_vaults_entry_preservation,
          okawaru_ov_weapons_minmay
Lair:1:   layout_gridlike, portal_ice_cave_rime, serial_bayou_pond_e,
          serial_bayou_shore_a
Lair:2:   layout_cave_shapes, nicolae_spider_entry_lesser_pyramids,
          eino_small_chamber_without_monster, infiniplex_staircase_pool_2,
          grunt_megastairs_3
Lair:3:   layout_misc_corridors, minmay_shoals_entry_centaurs
Lair:4:   layout_cave_pods, slime_entry_1, chequers_serial_rivers_micro_b,
          serial_bayou_shore_b
Lair:5:   gammafunk_lair_ancient_temple, layout_cave_shapes, minivault_19
Shoals:1: layout_shoals, uniq_frances
Shoals:2: layout_shoals
Shoals:3: layout_shoals, serial_shops, shop, uniq_ilsuiw
Shoals:4: shoals_end_grunt_ice, layout_shoals
Spider:1: layout_spider_delve, hangedman_spider_tarantella_strand
Spider:2: layout_chambers, gammafunk_ghost_split
Spider:3: nicolae_spider_hilbert_zone_5 [nicolae_spider_hilbert_3_sides_1_open,
          nicolae_spider_hilbert_4_sides_1_open,
          nicolae_spider_hilbert_4_sides_1_open,
          nicolae_spider_hilbert_6_sides_1_open,
          nicolae_spider_hilbert_6_sides_1_open], uniq_arachne, uniq_louise,
          uniq_donald
Orc:1:    layout_caves, basic_altar
Orc:2:    st_orc_mages, layout_diamond_mine, abandoned_shop,
          nicolae_orc_damp_corner

Skill      XL: |  1  2  3  4  5  6  7  8  9 10 11 12 13 14 15 16 |
---------------+-------------------------------------------------+-----
Fighting       | 1 2 3 4 5 7 8 10 11 13 14 15 | 15.8
Polearms       | 1 2 3 5 6 7 9 11 12 | 12.6
Ice Magic      | 5 6 7 8 9 10 11 | 11.5
Spellcasting   | 3 4 5 6 8 |  8.1
Summonings     | 1 2 3 5 7 8 |  8.5
Translocations | 2 3 5 6 7 9 10 | 10.3
Stealth        | 5 9 10 | 10.0
Shields        | 2 5 6 7 |  7.3
Invocations    | 4 7 9 |  9.0
Dodging        | 4 8 10 | 10.0
Air Magic      | 1 2 |  2.0

Action                     |  1- 3 |  4- 6 |  7- 9 | 10-12 | 13-15 | 16-18 || total
---------------------------+-------+-------+-------+-------+-------+-------++-------
  Melee: Short sword       |    21 |       |       |       |       |       ||    21
         Spear             |    86 |   171 |    76 |       |       |       ||   333
         Punch             |       |     6 |     8 |       |       |       ||    14
         Headbutt          |       |     3 |       |       |       |       ||     3
         Trident           |       |       |   188 |   513 |  1798 |   456 ||  2955
         Tailslap          |       |       |       |     4 |    33 |     7 ||    44
   Cast: Freeze            |    24 |     1 |     1 |       |       |       ||    26
         Ozocubu's Armour  |     6 |     3 |    22 |    46 |   119 |    39 ||   235
         Frozen Ramparts   |       |    23 |    29 |    34 |    60 |    15 ||   161
         Summon Ice Beast  |       |       |    17 |    31 |    92 |    19 ||   159
         Manifold Assault  |       |       |       |    16 |   252 |    69 ||   337
         Call Canine Famil |       |       |       |       |     4 |       ||     4
         Vhi's Electric Ch |       |       |       |       |    37 |    12 ||    49
         Summon Forest     |       |       |       |       |    10 |    26 ||    36
         Blink             |       |       |       |       |     1 |    23 ||    24
 Invoke: Channel Magic     |       |       |       |     1 |    13 |     1 ||    15
    Use: Scroll            |       |     4 |     3 |    12 |    15 |     7 ||    41
         Potion            |       |     5 |     1 |     6 |    12 |    11 ||    35
   Stab: Sleeping          |     4 |     6 |     4 |     9 |    17 |     3 ||    43
         Distracted        |       |       |     1 |     7 |    15 |    12 ||    35
 Armour: Robe              |    48 |    31 |    90 |   200 |   471 |   227 ||  1067
  Dodge: Dodged            |    65 |    57 |   143 |   330 |  1194 |   382 ||  2171
  Block: Buckler           |       |       |       |   133 |   445 |   134 ||   712

Table legend: (Time is in decaauts)
 A = Elapsed time spent in this place.
 B = Non-inter-level travel time spent in this place.
 C = Inter-level travel time spent in this place.
 D = Time resting spent in this place.
 E = Time spent auto-exploring this place.
 F = Levels seen in this place.
 G = Mean time per level.
                   A        B        C        D        E       F      G
               +--------+--------+--------+--------+--------+-----+--------+
         Total |  29582 |  27702 |   1880 |   2850 |  17325 |  28 | 1056.5 |
       Dungeon |  13407 |  12529 |    878 |    553 |   9185 |  13 | 1031.3 |
          Lair |   6713 |   5951 |    762 |    585 |   3869 |   5 | 1342.6 |
        Shoals |   2995 |   2893 |    102 |    379 |   1222 |   4 |  748.8 |
   Spider Nest |   3764 |   3718 |     46 |    811 |   2143 |   3 | 1254.7 |
  Orcish Mines |   1691 |   1602 |     89 |     85 |    905 |   2 |  845.5 |
      Ice Cave |   1009 |   1009 |      0 |    437 |      0 |   1 | 1009.0 |
               +--------+--------+--------+--------+--------+-----+--------+

Top non-repeatable levels by time:
Spider:2: 2706 daAuts
  Lair:2: 2051 daAuts
    D:10: 1566 daAuts
     D:3: 1472 daAuts
     D:7: 1395 daAuts
  Lair:4: 1347 daAuts
    D:11: 1234 daAuts
     D:5: 1209 daAuts
     D:6: 1162 daAuts
  Lair:1: 1138 daAuts
   Orc:2: 1130 daAuts
  Lair:3: 1102 daAuts
  Lair:5: 1073 daAuts
Shoals:3: 1031 daAuts
     D:1: 1021 daAuts
